Map: [ESL] Ancient Cistern

Players

Cyan - Winner!

  • Race: Protoss Protoss
  • Spawn Location: 7:00

Nanami

  • Race: Protoss Protoss
  • Spawn Location: 1:00

Event: ESL SC2 Masters 2023 Summer (Regionals)

VOD

Have the link to the VOD?

Description

Time

  • Played on: May 5, 2023, 8:08 a.m.
  • Length: 6:30

All games in this series

Show
View Real Time Build Order
Export as new Build Order

Cyan Protoss - Winner!

Build Orders:  

Get SALT Encoding   

  12  0:00  Probe  
  13  0:12  Probe  
  14  0:17  Pylon  
  14  0:24  Probe (Chrono Boost)  
  15  0:36  Probe (Chrono Boost), Gateway  
  16  0:44  Probe (Chrono Boost)  
  16  0:46  Assimilator  
  17  0:51  Probe  
  17  0:56  Assimilator  
  18  1:03  Probe (Chrono Boost)  
  19  1:08  Gateway  
  19  1:14  Probe (Chrono Boost)  
  20  1:19  Probe (Chrono Boost)  
  20  1:25  Cybernetics Core  
  21  1:29  Probe  
  22  1:35  Pylon  
  22  1:41  Probe  
  23  2:01  Robotics Facility  
  23  2:02  Warp Gate  
  23  2:03  Adept  
  23  2:05  Adept  
  27  2:13  Pylon  
  27  2:26  Shield Battery  
  27  2:33  Stalker  
  27  2:35  Stalker  
  30  2:46  Warp Prism (Chrono Boost)  
  32  2:58  Pylon  
  32  3:03  Sentry  
  34  3:07  Stalker  
  36  3:15  Observer  
  37  3:22  Pylon  
  34  3:27  Probe  
  35  3:34  Shield Battery  
  35  3:38  Gateway  
  35  3:40  Probe  
  36  3:56  Immortal (Chrono Boost)  
  40  4:03  Probe  
  41  4:19  Stalker  
  43  4:28  Immortal (Chrono Boost)  
  47  4:38  Sentry  
  47  4:43  Sentry  
  51  4:47  Pylon  
  51  5:03  Immortal  
  55  5:11  Stalker  
  56  5:17  Probe  
  57  5:38  Stalker x2  
  57  5:42  Stalker  
  63  5:48  Pylon  
  63  5:53  Observer  
  63  6:08  Stalker x2  
  67  6:12  Stalker  
Show
View Real Time Build Order
Export as new Build Order

Nanami Protoss 

Build Orders: Oracle Opening 

Get SALT Encoding   

  12  0:00  Probe  
  13  0:12  Probe  
  14  0:17  Pylon  
  14  0:24  Probe (Chrono Boost)  
  16  0:36  Probe (Chrono Boost)  
  16  0:38  Gateway  
  16  0:42  Probe (Chrono Boost)  
  16  0:45  Assimilator  
  17  0:51  Probe  
  17  0:53  Assimilator  
  18  1:03  Probe (Chrono Boost)  
  19  1:06  Gateway  
  20  1:12  Probe (Chrono Boost)  
  20  1:17  Probe (Chrono Boost)  
  20  1:24  Cybernetics Core  
  21  1:29  Probe  
  22  1:42  Probe  
  22  1:43  Pylon  
  24  2:01  Probe, Stargate  
  24  2:06  Stalker  
  24  2:07  Stalker  
  28  2:15  Pylon  
  28  2:17  Warp Gate  
  28  2:42  Oracle (Chrono Boost)  
  30  2:52  Stalker  
  32  3:03  Stalker  
  34  3:06  Shield Battery  
  34  3:15  Probe, Shield Battery  
  35  3:21  Pylon  
  36  3:37  Nexus  
  35  3:41  Twilight Council  
  34  4:01  Probe, Oracle (Chrono Boost)  
  34  4:02  Pylon  
  34  4:03  Shield Battery  
  37  4:10  Stalker  
  39  4:24  Shield Battery  
  39  4:34  Shield Battery  
  39  4:35  Blink (Chrono Boost)  
  39  4:43  Gateway  
  39  4:48  Stalker  
  41  4:58  Stalker  
  43  5:00  Gateway  
  43  5:14  Stalker  
  45  5:30  Shield Battery  
  45  5:35  Gateway  
  45  5:39  Stalker  
  47  5:56  Stalker  
  47  6:08  Pylon  
  47  6:15  Cybernetics Core  
  47  6:16  Pylon  
Tags
 
Add a new tag
Caveats
  • Supply blocks, unpowered buildings, or Contaminate may cause inaccurate times.
  • Supply counts are checked every 10 seconds.